 Dungeon Crawl Stone Soup version 0.30-a0-867-g305f33218d (webtiles) character file.

Game seed: 12805915211167065899

247 iguanaiguana the Chiller (level 5, -1/40 HPs)
             Began as an Armataur Ice Elementalist on Mar 10, 2023.
             Splashed by a jelly's acid (5 damage)
             ... on level 4 of the Dungeon.
             The game lasted 00:07:49 (967 turns).

iguanaiguana the Chiller (Armataur Ice Elementalist) Turns: 967, Time: 00:07:50

Health: -1/40      AC: -4    Str: 13    XL:     5   Next: 85%
Magic:  1/9        EV:  9    Int: 18    God:
Gold:   88         SH:  0    Dex: 10    Spells: 3/10 levels left

rFire   . . .      SeeInvis .    d - +0 flail
rCold   . . .      Faith    .    (no shield)
rNeg    . . .      Spirit   .    a - +0 robe
rPois   .          Reflect  .    (no helmet)
rElec   .          Roll     +    (no cloak)
rCorr   .                        (no gloves)
Will    .....                    (no barding)
Stlth   ++                       (no amulet)
HPRegen 0.26/turn                (no ring)
MPRegen 0.11/turn                (no ring)

@: corroded, freezing walls
A: large, rugged brown scales 3, deformed body, armoured tail, roll, long
tongue, awkward tongue
a: no special abilities


You were on level 4 of the Dungeon.
You visited 1 branch of the dungeon, and saw 5 of its levels.

You collected 88 gold pieces.

Inventory:

Hand Weapons
 d - a +0 flail (weapon)
Armour
 a - a +0 robe (worn)
Magical Staves
 g - a staff of earth
Scrolls
 f - a scroll of identify {unknown}
 i - a scroll of fear {unknown}
Potions
 b - a potion of magic
 c - a potion of lignification
 e - a potion of flight
 h - 2 potions of degeneration {unknown}
 j - a potion of heal wounds {unknown}
 k - a potion of attraction {unknown}


   Skills:
 - Level 1.3 Dodging
 - Level 2.1 Stealth
 + Level 3.2 Spellcasting
 * Level 5.7 Ice Magic


You had 3 spell levels left.
You knew the following spells:

 Your Spells              Type           Power      Damage    Failure   Level
a - Freeze                Ice            92%        1d9       1%          1
b - Frozen Ramparts       Ice            46%        1d7       4%          3
c - Ozocubu's Armour      Ice            23%        N/A       4%          3

Your spell library contained the following spells:

 Spells                   Type           Power      Damage    Failure   Level
 Summon Small Mammal      Summ           8%         N/A       16%         1
 Call Canine Familiar     Summ           2%         N/A       43%         3
 Dazzling Flash           Conj/Hex       4%         N/A       43%         3
 Summon Guardian Golem    Hex/Summ       2%         N/A       43%         3
 Summon Ice Beast         Ice/Summ       13%        N/A       43%         4
 Manifold Assault         Tloc           2%         N/A       85%         4
 Agony                    Necr           2%         N/A       99%         5
 Fireball                 Conj/Fire      1%         3d3       99%         5
 Iskenderun's Battlesphe  Conj           2%         2d6       99%         5
 Silence                  Hex/Air        1%         N/A       99%         5
 Conjure Ball Lightning   Conj/Air       1%         3x3d6     100%        6
 Dispersal                Tloc           1%         N/A       100%        6
 Orb of Destruction       Conj           1%         9d5       100%        7
 Disjunction              Tloc           1%         N/A       100%        8


Dungeon Overview and Level Annotations

Branches:
Dungeon (5/15) Zot: 26718
 Temple: D:4-7

Altars:


Innate Abilities, Weirdness & Mutations

You are completely covered in rugged brown scales. (AC +3, +7% HP)
Armour fits poorly on your strangely shaped body.
You have a long armoured tail.
You roll when moving toward enemies. (Rampage)
Your long tongue fully drains potion bottles. (2x potion effects)
Your tongue gives you trouble enunciating. (1.5x scroll delay)


Message History

Confirm with . or Enter, or press ? or * to list all spells.
Casting: Frozen Ramparts (dangerous; 4% risk of failure)
Press: ? - help, Dir - look around, f - activate The walls around you are covered in ice.
The iguana hisses angrily.
The iguana bites you!
Casting: Frozen Ramparts (dangerous; 4% risk of failure)
Confirm with . or Enter, or press ? or * to list all spells.
You miscast Ozocubu's Armour.
You are very lightly contaminated with residual magic.
Nothing appears to happen.
The wall freezes the iguana.
The iguana seems to slow down.
The iguana bites you!
* * * LOW HITPOINT WARNING * * *
You barely miss the iguana.
The jelly quivers.
You tail-slap the iguana, but do no damage.
The iguana is lightly wounded.
The wall freezes the iguana!
The iguana seems to slow down.
You hit the iguana.
You kill the iguana!
Your frozen ramparts will break if you move.
Continue? [Y]es or [N]o only, please.
Your frozen ramparts will break if you move.
Continue?
The frozen ramparts melt away as you move.
Casting: Ozocubu's Armour (dangerous; 4% risk of failure)
Confirm with . or Enter, or press ? or * to list all spells.
Casting: Frozen Ramparts (dangerous; 4% risk of failure)
Press: ? - help, Dir - look around, f - activate The walls around you are covered in ice.
You barely miss the jelly.
The wall freezes the jelly. x2; The jelly hits you.
* * * LOW HITPOINT WARNING * * *
The acid corrodes you!
You are splashed with acid!
* * * LOW HITPOINT WARNING * * *
Your magical contamination has completely faded away.
You hit the jelly. The acid corrodes you!
Your hands burn!
* * * LOW HITPOINT WARNING * * *
The jelly is lightly wounded.
The wall freezes the jelly.
You hit the jelly but do no damage.
Your hands burn!
You die...

#...# ⌠. ##.⌠.. ...
#.... ...###...#
.$..#.... .#
#...[...# #.#
#.>.⌠.>.# #.#
#.......## #.##
....#..J@# #.. ...
##...## #.# .
#....########.###.##
##.⌠............<...
#...########.###.##
##+## #.# # #.# .
#.# #.# #.# #.#


You could see a jelly.

Vanquished Creatures
  An ogre (D:4)
  A scorpion (D:4)
  A hound (D:4)
  An iguana (D:4)
  A gnoll (D:4)
  An adder (D:4)
  2 dart slugs
  An orc (D:5)
  An endoplasm (D:4)
  2 giant cockroaches (D:4)
  8 kobolds
  A quokka (D:2)
  2 ball pythons (D:1)
  3 bats
  2 frilled lizards (D:1)
  2 goblins (D:1)
  A rat (D:1)
31 creatures vanquished.

Notes
Turn   | Place    | Note
-------+----------+-------------------------------------------
     0 | D:1      | iguanaiguana the Armataur Ice Elementalist began the quest
                  | for the Orb.
     0 | D:1      | Reached XP level 1. HP: 14/14 MP: 3/3
   177 | D:1      | Reached XP level 2. HP: 21/21 MP: 0/5
   219 | D:1      | Reached skill level 4 in Ice Magic
   399 | D:4      | Noticed an ogre
   405 | D:4      | Reached XP level 3. HP: 27/27 MP: 3/6
   415 | D:4      | Learned a level 3 spell: Frozen Ramparts
   558 | D:4      | Killed an ogre
   559 | D:4      | Reached skill level 5 in Ice Magic
   559 | D:4      | Reached XP level 4. HP: 21/35 MP: 0/8
   563 | D:4      | Learned a level 3 spell: Ozocubu's Armour
   693 | D:5      | Entered Level 5 of the Dungeon
   718 | D:5      | Noticed a phantom
   765 | D:4      | Noticed a scorpion
   775 | D:4      | Killed a scorpion
   776 | D:4      | Reached XP level 5. HP: 33/40 MP: 3/9
   967 | D:4      | Splashed by a jelly's acid

Illustrated notes

Levels and vault maps discovered:
D:1:      enne_arrival_octagon_isle, layout_loops_ring, minmay_strange_pillars,
          minmay_distorted
D:2:      layout_basic, basic_altar, nicolae_elevator_lobby_asterisk
D:3:      layout_loops_ring, mainiacjoe_overflow_six_doors_small,
          gammafunk_ghost_cemetery
D:4:      layout_loops_ring, grunt_ministairs_13, grunt_decor_mini_mirrors,
          nicolae_concentric_dashed_squares_wild, minmay_fractal_squares_5
D:5:      layout_rooms, minmay_temple_entry_butterflies, serial_shops, shop,
          serial_park_tiny_2, uniq_grinder, uniq_sigmund

Skill      XL: |  1  2  3  4 |
---------------+-------------+-----
Spellcasting   | 2 3 |  3.2
Ice Magic      | 4 5 |  5.7
Dodging        | |  1.3
Stealth        | |  2.1

Action                     |  1- 3 |  4- 6 || total
---------------------------+-------+-------++-------
  Melee: Flail             |    29 |    20 ||    49
         Tailslap          |     1 |     2 ||     3
         Unarmed           |     2 |       ||     2
   Cast: Freeze            |    18 |       ||    18
         Frozen Ramparts   |     2 |     5 ||     7
         Ozocubu's Armour  |       |     1 ||     1
    Use: Potion            |     3 |       ||     3
         Scroll            |     2 |       ||     2
   Stab: Sleeping          |     3 |       ||     3
 Armour: Robe              |    38 |    16 ||    54
         Skin              |     4 |       ||     4
  Dodge: Dodged            |    33 |    14 ||    47

Table legend: (Time is in decaauts)
 A = Elapsed time spent in this place.
 B = Non-inter-level travel time spent in this place.
 C = Inter-level travel time spent in this place.
 D = Time resting spent in this place.
 E = Time spent auto-exploring this place.
 F = Levels seen in this place.
 G = Mean time per level.
                   A        B        C        D        E       F      G
               +--------+--------+--------+--------+--------+-----+--------+
         Total |    967 |    943 |     24 |    102 |      0 |   5 |  193.4 |
       Dungeon |    967 |    943 |     24 |    102 |      0 |   5 |  193.4 |
               +--------+--------+--------+--------+--------+-----+--------+

Top non-repeatable levels by time:
     D:4: 511 daAuts
     D:1: 254 daAuts
     D:2: 141 daAuts
     D:5: 51 daAuts
     D:3: 8 daAuts
